 Dungeon Crawl Stone Soup version 0.19-a0-743-ge0d55e4 (webtiles) character file.

287 Implojin the Ruffian (level 6, -7/88 HPs)
             Began as a Troll Fighter on June 23, 2016.
             Was an Initiate of Okawaru.
             Killed from afar by Psyche (14 damage)
             ... with a puff of flame
             ... on level 8 of the Dungeon.
             The game lasted 00:03:48 (700 turns).

Implojin the Ruffian (Troll Fighter)                 Turns: 700, Time: 00:03:48

Health: -7/88      AC:  6    Str: 30    XL:     6   Next: 8%
Magic:  5/5        EV:  8    Int:  4    God:    Okawaru [......]
Gold:   34         SH:  9    Dex: 11    Spells: 0 memorised, 5 levels left

rFire  . . .     SeeInvis .       - Unarmed
rCold  . . .     Gourm    +     a - +0 robe
rNeg   . . .     Faith    .     b - +0 shield
rPois  .         Spirit   .     (helmet restricted)
rElec  .         Dismiss  .     k - +0 cloak
rCorr  .         Reflect  .     (gloves unavailable)
SustAt .         Harm     .     (boots unavailable)
MR     .....                    (no amulet)
Stlth  ..........               (no ring)
                                (no ring)

@: berserking (expiring), lethally poisoned (-7 -> -8), very quick, not
resistant to hostile enchantments, extremely unstealthy
A: unfitting armour, claws 3, fast metabolism 3, gourmand, regeneration 2,
shaggy fur 1, tough skin 2
a: Renounce Religion


You were on level 8 of the Dungeon.
You worshipped Okawaru.
Okawaru was noncommittal.
You were very full.

You visited 1 branch of the dungeon, and saw 8 of its levels.

You collected 34 gold pieces.

Inventory:

Missiles
 i - a tomahawk (quivered)
Armour
 a - a +0 robe (worn)
 b - a +0 shield (worn)
 k - a +0 cloak (worn)
Scrolls
 c - a scroll of teleportation
 f - a scroll of blinking
 l - a scroll of random uselessness
Potions
 e - a potion of agility {unknown}
Comestibles
 d - 2 bread rations
 g - a meat ration
 h - 2 slices of pizza
 j - a chunk of flesh


   Skills:
 - Level 2.4 Fighting
 - Level 2.4 Dodging
 - Level 2.4 Shields
 * Level 6.4 Unarmed Combat


You had 5 spell levels left.
You didn't know any spells.

Dungeon Overview and Level Annotations

Branches:
Dungeon (8/15)
 Temple: D:4-7         Lair: D:8-11

Altars:
Dithmenos
Elyvilon
Okawaru
Sif Muna
Uskayaw
Xom

Annotations:
D:8 Psyche


Innate Abilities, Weirdness & Mutations

You are too large for most types of armour.
You have claws for hands.
Your metabolism is lightning-fast.
You like to eat raw meat.
You heal very quickly.
You are covered in fur. (AC +1)
You have very tough skin. (AC +2)


Message History

You block Psyche's attack. Psyche gestures at you while chanting.
The puff of frost hits you!
* * * LOW HITPOINT WARNING * * *
You barely miss Psyche.
Psyche is heavily wounded.
You feel sick. Psyche hits you with a dagger of chaos.
* * * LOW HITPOINT WARNING * * *
You claw Psyche!
Psyche is almost dead.
Psyche mumbles some strange words.
Psyche flickers and vanishes!
Deactivating autopickup; reactivate with Ctrl-A.
The kobold throws a stone.
The stone hits you but does no damage.
You barely miss something.
You feel sick.
You hear some strange, mumbled words.
A puff of flame appears from out of thin air!
The puff of flame hits you!
* * * LOW HITPOINT WARNING * * *
The kobold throws a stone.
The stone closely misses you.
You hear some strange, mumbled words.
A puff of flame appears from out of thin air!
The puff of flame hits you!
* * * LOW HITPOINT WARNING * * *
You barely miss something.
You hear some strange, mumbled words.
A puff of flame appears from out of thin air!
The puff of flame hits you!
* * * LOW HITPOINT WARNING * * *
You closely miss something. Something hits you!
* * * LOW HITPOINT WARNING * * *
You barely miss something.
You feel sick. Something hits you!
* * * LOW HITPOINT WARNING * * *
Something freezes you.
* * * LOW HITPOINT WARNING * * *
You barely miss something.
You hear some strange, mumbled words.
A puff of flame appears from out of thin air!
The puff of flame hits you!
You die...

. .. #K#
#KKK####
#K{@(###
####..<#
#...........
#......####.
#....###
####.. ##..
#.. .#


You could see a big kobold and 4 kobolds.

Vanquished Creatures
  A necrophage (D:7)
  A giant frog (D:6)
  The ghost of redmage the Skirmisher, a weakling VSFi (D:3)
  A giant frog zombie (D:6)
  Natasha (twice) (D:3)
  2 worms (D:2)
  A giant gecko (D:2)
  An orc (D:3)
  3 bats
  3 goblins (D:2)
  2 hobgoblins
  3 jackals (D:3)
  A quokka (D:2)
  3 kobolds
  2 rats (D:2)
27 creatures vanquished.

Notes
Turn   | Place    | Note
--------------------------------------------------------------
     0 | D:1      | Implojin the Troll Fighter began the quest for the Orb.
     0 | D:1      | Reached XP level 1. HP: 22/22 MP: 0/0
   106 | D:2      | Reached XP level 2. HP: 29/29 MP: 1/1
   313 | D:2      | Reached skill level 3 in Unarmed Combat
   335 | D:3      | Noticed Natasha
   337 | D:3      | Noticed a crimson imp
   340 | D:3      | Killed Natasha
   340 | D:3      | Reached XP level 3. HP: 31/36 MP: 2/2
   381 | D:3      | Noticed Natasha
   389 | D:3      | Killed Natasha
   389 | D:3      | Reached skill level 4 in Unarmed Combat
   389 | D:3      | Reached XP level 4. HP: 25/44 MP: 3/3
   399 | D:3      | Noticed redmage's ghost (weakling VSFi)
   412 | D:3      | Killed redmage's ghost
   438 | D:3      | Found a shadowy altar of Dithmenos.
   440 | D:3      | Found a deep blue altar of Sif Muna.
   442 | D:3      | Found an iron altar of Okawaru.
   446 | D:3      | Became a worshipper of Warmaster Okawaru
   506 | D:2      | Found a shimmering altar of Xom.
   550 | D:4      | Found a hide-covered altar of Uskayaw.
   563 | D:5      | Entered Level 5 of the Dungeon
   575 | D:6      | Noticed a giant frog
   587 | D:6      | Killed a giant frog
   587 | D:6      | Reached skill level 5 in Unarmed Combat
   587 | D:6      | Reached XP level 5. HP: 27/50 MP: 4/4
   601 | D:6      | Found a white marble altar of Elyvilon.
   664 | D:7      | Noticed a necrophage
   672 | D:7      | Killed a necrophage
   672 | D:7      | Reached skill level 6 in Unarmed Combat
   672 | D:7      | Reached XP level 6. HP: 58/59 MP: 5/5
   680 | D:8      | Noticed Psyche
   700 | D:8      | Killed from afar by Psyche

Vault maps used:
D:1:      saegor_arrival_simple_f
D:2:      lemuel_upstairs_altar, ecumenical_altar_1, grunt_ministairs_1,
          cheibrodos_gnoll_hut
D:3:      grunt_temple_overflow_diamond, old_standard_altar, uniq_natasha
D:4:      overflow_temple_1_default, nicolae_overflow_crystal_walls,
          first_bread, portal_sewer_entry_c, uniq_grinder
D:5:      marbit_many_paths, gup_ossuary_entry_pyramid, serial_shops, shop,
          shop, shop
D:6:      elyvilon_altar_1, serial_glass, glass_columns_b, glass_columns_c,
          dk_vineyard_3, uniq_blork_the_orc
D:7:      uniq_menkaure
D:8:      uniq_grum, uniq_psyche, uniq_prince_ribbit1

Skill      XL: |  1  2  3  4  5 |
---------------+----------------+-----
Unarmed Combat | 3 4 5 6 |  6.4
Fighting       | |  2.4
Dodging        | |  2.4
Shields        | |  2.4

Action                   |  1- 3 |  4- 6 || total
-------------------------+-------+-------++-------
Melee: Unarmed           |    44 |    50 ||    94
Throw: Tomahawk          |       |     1 ||     1
  Use: Scroll            |       |     4 ||     4
       Potion            |       |     1 ||     1
  Eat: Chunk             |     8 |     3 ||    11
Armor: Robe              |    12 |    12 ||    24
Dodge: Dodged            |     9 |    13 ||    22
Block: Shield            |    22 |    22 ||    44

Table legend:
 A = Turns spent in this place as a percentage of turns spent in the entire game.
 B = Non-inter-level travel turns spent in this place as a percentage of non-inter-level travel turns spent in the entire game.
 C = Inter-level travel turns spent in this place as a percentage of turns spent in this place.
 D = Turns resting spent in this place as a percentage of non-inter-level travel turns spent in this place.
 E = Turns spent auto-exploring this place as a percentage of non-inter-level travel turns spent in this place.
 F = Non-inter-level travel turns spent in this place divided by the number of levels of this place that you've seen.
                   A       B       C       D       E      F
               +-------+-------+-------+-------+-------+----------------------
         Total | 100.0 | 100.0 |   0.0 |   0.0 |   0.0 |  84.2
       Dungeon | 100.0 | 100.0 |   0.0 |   0.0 |   0.0 |  84.2
               +-------+-------+-------+-------+-------+----------------------

Table legend:
 A = Kills in this place as a percentage of kills in entire the game.
 B = Kills by you in this place as a percentage of kills by you in the entire game.
 C = Kills by friends in this place as a percentage of kills by friends in the entire game.
 D = Other kills in this place as a percentage of other kills in the entire game.
 E = Experience gained in this place as a percentage of experience gained in the entire game.
 F = Experience gained in this place divided by the number of levels of this place that you have seen.
                   A       B       C       D       E      F
               +-------+-------+-------+-------+-------+----------------------
         Total | 100.0 | 100.0 |  -nan |  -nan | 100.0 |  51.4
       Dungeon | 100.0 | 100.0 |  -nan |  -nan | 100.0 |  51.4
               +-------+-------+-------+-------+-------+----------------------
